 Dungeon Crawl Stone Soup version 0.18.1-5-g4a78601 (webtiles) character file.

107370 dorian the Severer (level 17, -3/147 HPs)
             Began as a Formicid Abyssal Knight on May 11, 2016.
             Was the Champion of Lugonu.
             Slain by an enormous slime creature (58 damage)
             ... on level 14 of the Dungeon.
             The game lasted 01:32:31 (33359 turns).

dorian the Severer (Formicid Abyssal Knight)       Turns: 33359, Time: 01:32:31

Health: -3/147     AC: 27    Str: 22    XL:     17   Next: 1%
Magic:  24/24      EV:  8    Int: 18    God:    Lugonu [******]
Gold:   1590       SH: 12    Dex: 17    Spells: 1 memorised, 14 levels left

rFire  . . .     SeeInvis +     O - +5 broad axe (elec)
rCold  . . .     Gourm    .     e - +1 plate armour "Etymo" {Dex+2}
rNeg   + . .     Faith    .     K - +2 buckler
rPois  +         Spirit   .     (helmet unavailable)
rElec  .         Dismiss  .     G - +1 cloak
rCorr  .         Reflect  +     o - +1 pair of gloves {Dex+3}
SustAt .         Harm     .     J - +2 pair of boots
MR     +....     Clarity  +     t - +4 amulet of reflection
Stlth  ..........               w - ring of poison resistance
                                b - ring of positive energy

@: somewhat resistant to hostile enchantments, extremely unstealthy
A: permanent stasis, dig shafts and tunnels, four strong arms, antennae 3,
talons 1, agile 1, clarity, clever 2, robust 1, evolution 1
a: Dig, Shaft Self, Depart the Abyss, Bend Space, Banish, Corrupt, Enter the
Abyss, Brand Weapon With Distortion, Renounce Religion


You were on level 14 of the Dungeon.
You worshipped Lugonu.
Lugonu was exalted by your worship.
You were hungry.

You visited 3 branches of the dungeon, and saw 24 of its levels.
You visited the Abyss 1 time.
You also visited: Labyrinth, Bailey and Volcano.

You collected 3423 gold pieces.
You spent 1833 gold pieces at shops.

Inventory:

Hand Weapons
 i - a +1 battleaxe of flaming
 O - a +5 broad axe of electrocution (weapon)
Missiles
 X - 25 tomahawks (quivered)
Armour
 e - the +1 plate armour "Etymo" (worn) {Dex+2}
   (You took it off a minotaur in a labyrinth)

   It affects your dexterity (+2).
 o - a +1 pair of gloves of dexterity (worn)
 u - a -2 shield
 G - a +1 cloak (worn)
 J - a +2 pair of boots (worn)
 K - a +2 buckler (worn)
 N - a +2 large shield
Rods
 C - a +0 rod of clouds (11/11)
   (You found it on level 1 of the Lair of Beasts)
 R - a +0 lightning rod (11/11)
   (You found it on level 8 of the Dungeon)
 Y - a +7 rod of shadows (11/11)
   (You took it off a minotaur in a labyrinth)
Jewellery
 b - a ring of positive energy (left hand)
 k - an uncursed ring of protection from cold
 m - an uncursed ring of magical power
 t - a +4 amulet of reflection (around neck)
 v - an uncursed ring of protection from cold
 w - a ring of poison resistance (right hand)
 z - an uncursed ring of sustain attributes
 H - an uncursed amulet of magic regeneration
Wands
 l - a wand of lightning (9/15)
 r - a wand of digging (22/24)
 A - a wand of iceblast (1/15)
 I - a wand of iceblast (4/15)
 S - a wand of teleportation (7/9)
 V - a wand of confusion (21/48)
 W - a wand of iceblast (8/15)
Scrolls
 a - 3 scrolls of immolation
 d - 2 scrolls of identify
 j - 3 scrolls of recharging
 x - 5 scrolls of fear
 L - 2 scrolls of summoning
 T - 4 scrolls of remove curse
Potions
 f - 7 potions of curing
 h - 2 potions of cancellation
 n - 4 potions of flight
 p - 4 potions of might
 q - 2 potions of magic
 s - 2 potions of agility
 D - 2 potions of ambrosia
 M - 4 potions of resistance
 P - 4 potions of heal wounds
Miscellaneous
 y - a disc of storms
 E - a phial of floods
Comestibles
 c - 17 bread rations
 g - a slice of pizza
 F - a meat ration


   Skills:
 - Level 12.3 Fighting
 - Level 19.6 Axes
 - Level 15.2 Armour
 - Level 0.8 Dodging
 * Level 5.2 Shields
 - Level 10.0 Invocations


You had 14 spell levels left.
You knew the following spells:

 Your Spells              Type           Power        Failure   Level  Hunger
a - Repel Missiles        Chrm/Air       #.....       100%        2    ###....


Dungeon Overview and Level Annotations

Branches:
Dungeon (14/15)            Temple (0/1) D:4            Lair (8/8) D:8
 Shoals (0/4) Lair:3       Spider (0/4) Lair:5        Slime (0/6) Lair:6
    Orc (2/2) D:11            Elf (0/3) Orc:2        Vaults (0/5) D:14

Altars:
Cheibriados
Dithmenos
Gozag
Okawaru
Pakellas
Ru
Vehumet
Yredelemnul
Beogh

Shops:
D:6 %!   D:13 *   Orc:2 %!%!!

Annotations:
D:14 exclusion: Roxanne, Roxanne
Abyss:1 Dowan, Duvessa, Maurice, Nessos


Innate Abilities, Weirdness & Mutations

You are under a permanent stasis effect.
You can dig through walls and to a lower floor.
Your four strong arms can wield two-handed weapons with a shield.
You have a pair of large antennae on your head (SInv).
You have sharp toenails.
You are agile. (Dex +2)
You possess an exceptional clarity of mind.
Your mind is very acute. (Int +4)
You are robust (+10% HP).
You evolve.


Message History

Things that are here:
a halberd; a plate armour You see here a club.
There is an open door here.
There is an open door, spattered with blood here.
Items here: ))) [ an enchanted flail; a leather armour; a giant spiked club; a dire flail
There is an open door here.
There is a stone staircase leading down here.
There is a stone staircase leading up here.
You see here a scale mail.
You see here an arrow.
There is an open door here.
There is an open door here.
There is an open door here.
All of the chunks of flesh in your inventory have rotted away.
The enormous slime creature jiggles.
You are feeling hungry.
The enormous slime creature hits you!!!
You die...

#.# #....[.....# #.......... #.#
#..........# #.......... #.#
#########'## ###'####### #.#
#()..# #.# #.# ###(#(#### #.###
#.# #........# #...### #.#
#.)).....# ###...# ##'####
#.[[.....# ######.### ..>...#
#.<.@....# #......^.# ......#
#...J....###........# ......#
#........#..........# ......#####
#..........#).......#
..........###........##.........#
......###..##........###........#
......# ##..........># #........#
##'#### ####........# #####.####
#..# #######.## #.#


You could see an enormous slime creature.

Vanquished Creatures
  Maud (D:12)
  The ghost of puimuR the Bludgeoner, a journeyman TrWr of the Shining One (Lair:7)
  4 dire elephants (Lair:8)
  A minotaur (Lab)
  Josephine (Lair:4)
  8 vault guards (D:14)
  8 hydras
  An anaconda (Lair:8)
  2 centaur warriors
  12 death yaks
  A death knight (D:14)
  A queen ant (Lair:3)
  5 orc high priests (Orc:2)
  Nergalle (Lair:4)
  5 skeletal warriors (D:14)
  2 unseen horrors
  3 hill giants
  An orc knight (D:13)
  An orb spider (Lair:5)
  2 phantasmal warriors (D:14)
  A deep elf mage (D:12)
  2 orc sorcerers
  4 griffons
  An oklob plant (Lair:1)
  A cyclops (D:11)
  4 elephants (Lair:8)
  13 slime creatures
  8 black mambas
  3 centaur zombies
  A siren (Lair:3)
  A molten gargoyle (Volcano)
  5 torpor snails
  Psyche (D:10)
  A rime drake (Lair:6)
  A gargoyle (Volcano)
  18 spiny frogs
  14 komodo dragons
  A tengu conjurer (D:14)
  2 polar bears
  8 trolls
  A queen bee (shapeshifter) (D:14)
  2 two-headed ogres
  17 blink frogs
  A hornet zombie (D:14)
  5 shadows
  6 wraiths
  A redback (Lab)
  4 wyverns
  A spriggan (D:10)
  57 yaks
  A basilisk (Lair:2)
  10 hippogriffs
  A fire elemental (Volcano)
  5 hungry ghosts
  2 steam dragons
  A warg (Orc:2)
  Menkaure (D:6)
  2 mottled dragons (D:14)
  The ghost of Mefis the Magician, an amateur DEWz of Sif Muna (D:4)
  14 water moccasins
  A swamp worm (shapeshifter) (D:13)
  16 porcupines
  7 soldier ants (Lair:3)
  31 orc warriors
  2 wasps
  5 ice beasts
  3 black bears
  A necrophage (D:12)
  3 phantoms
  A sky beast (D:12)
  8 ogres
  A wolf (shapeshifter) (D:14)
  9 centaurs
  An eye of draining (shapeshifter) (D:14)
  13 wolves
  18 crocodiles
  Blork the orc (D:6)
  A big kobold (D:11)
  A gnoll sergeant (D:6)
  A wyvern zombie (D:11)
  20 giant frogs
  6 scorpions
  A wyvern skeleton (D:14)
  10 killer bees
  4 wights (D:9)
  A howler monkey (D:13)
  2 spriggan skeletons (Lab)
  2 electric eels
  3 crimson imps
  The ghost of Mefis the Magician, a weakling DEWz (D:3)
  7 hounds
  A centaur skeleton (Lab)
  3 giant frog skeletons
  4 giant frog zombies
  3 jellies
  33 orc priests
  Crazy Yiuf (D:3)
  30 orc wizards
  8 iguanas
  34 worker ants
  10 sheep
  An ogre skeleton (Lab)
  A howler monkey zombie (D:8)
  A worker ant zombie (D:11)
  Robin (D:2)
  12 gnolls
  8 adders
  52 river rats
  5 shadow imps
  An adder zombie (D:5)
  2 worms (D:4)
  2 dart slugs
  10 giant geckos
  92 orcs
  4 ball pythons
  4 giant cockroaches
  17 goblins
  8 hobgoblins
  12 jackals
  25 kobolds
  4 quokkas
  11 bats
  A giant cockroach zombie (D:6)
  2 giant gecko zombies
  11 giant newts
  5 rats
  A bush (Lair:1)
  16 fungi
  16 plants
917 creatures vanquished.

Vanquished Creatures (collateral kills)
  A yak (Lair:7)
1 creature vanquished.

Vanquished Creatures (others)
  A slime creature (D:12)
  4 hydras
  A death knight (D:12)
  A centaur warrior (D:13)
  The ghost of M4edhros the Martial Artist, a novice OpNe of Cheibriados (D:10)
  An orc knight (Bailey)
  A deep elf mage (D:12)
  A cyclops (D:13)
  2 blink frogs (Lair:1)
  A wraith (D:13)
  2 hungry ghosts
  An eye of draining (D:13)
  A wight (D:9)
  An orc (D:6)
  5 bushes (Lair:8)
  34 fungi
  12 plants
70 creatures vanquished.

Grand Total: 988 creatures vanquished

Notes
Turn   | Place    | Note
--------------------------------------------------------------
     0 | Abyss:1  | dorian the Formicid Abyssal Knight began the quest for the Orb.
     0 | Abyss:1  | Reached XP level 1. HP: 18/18 MP: 2/2
    29 | Abyss:1  | Noticed a raiju
    30 | D:1      | Escaped the Abyss
   210 | D:1      | Reached XP level 2. HP: 14/24 MP: 3/3
   665 | D:2      | Reached * piety under Lugonu
   665 | D:2      | Reached skill level 3 in Axes
   665 | D:2      | Reached XP level 3. HP: 13/29 MP: 5/5
   990 | D:2      | Noticed Robin
  1016 | D:2      | Killed Robin
  1231 | D:2      | Found a basalt altar of Yredelemnul.
  1231 | D:2      | Found an iron altar of Okawaru.
  1260 | D:2      | Reached XP level 4. HP: 35/35 MP: 6/6
  1493 | D:2      | Found a shadowy altar of Dithmenos.
  1498 | D:2      | Reached skill level 4 in Axes
  2085 | D:3      | Reached ** piety under Lugonu
  2288 | D:3      | Reached XP level 5. HP: 23/41 MP: 7/7
  2476 | D:3      | Noticed Crazy Yiuf
  2486 | D:3      | Killed Crazy Yiuf
  2823 | D:3      | Reached skill level 5 in Axes
  2827 | D:3      | Noticed Mefis's ghost (weakling DEWz)
  2845 | D:3      | Killed Mefis's ghost
  3051 | D:3      | Reached XP level 6. HP: 22/47 MP: 7/9
  3297 | D:4      | Reached skill level 5 in Invocations
  3417 | D:4      | Found a staircase to the Ecumenical Temple.
  3431 | D:4      | Noticed Mefis's ghost (amateur DEWz)
  3687 | D:4      | Found an oddly glowing altar of Pakellas.
  3874 | D:4      | Killed Mefis's ghost
  3874 | D:4      | Reached *** piety under Lugonu
  3874 | D:4      | Reached XP level 7. HP: 28/52 MP: 10/12
  4364 | D:4      | Got a dull robe
  4519 | D:4      | Reached XP level 8. HP: 52/58 MP: 14/14
  4530 | D:4      | Identified the +0 robe of Weirdness {rCorr Dex+4} (You found it on level 4 of the Dungeon)
  4569 | D:5      | Entered Level 5 of the Dungeon
  5205 | D:5      | Reached skill level 10 in Invocations
  5374 | D:6      | Noticed Blork the orc
  5386 | D:6      | Killed Blork the orc
  5667 | D:6      | Noticed Duvessa
  5667 | D:6      | Noticed Dowan
  5671 | D:5      | Reached skill level 6 in Axes
  5671 | D:5      | Reached XP level 9. HP: 40/64 MP: 16/16
  5822 | D:6      | Banished Dowan
  5829 | D:6      | Banished Duvessa
  5830 | D:6      | Noticed Menkaure
  5840 | D:6      | Killed Menkaure
  6110 | D:6      | Reached skill level 7 in Axes
  6573 | D:6      | Reached **** piety under Lugonu
  6585 | D:6      | Reached skill level 5 in Armour
  6600 | D:6      | Reached skill level 8 in Axes
  6603 | D:6      | Found Xinesuas's Food Emporium.
  6675 | D:6      | Found Locyimank's Distillery.
  6685 | D:6      | Bought a potion of curing for 42 gold pieces
  6685 | D:6      | Bought a potion of might for 56 gold pieces
  6685 | D:6      | Bought a potion of flight for 42 gold pieces
  6685 | D:6      | Bought a potion of agility for 56 gold pieces
  8093 | D:8      | Found a flagged portal.
  8116 | Bailey   | Entered a bailey
  8176 | Bailey   | Noticed an orc knight
  8360 | Bailey   | Reached skill level 9 in Axes
  8387 | Bailey   | Reached XP level 10. HP: 55/70 MP: 11/17
  8414 | Bailey   | Banished an orc knight
  8414 | Bailey   | Reached skill level 10 in Axes
  8684 | D:8      | Found a staircase to the Lair.
  9093 | D:8      | Found a sacrificial altar of Ru.
  9104 | D:8      | Noticed Maurice
  9106 | D:8      | Banished Maurice
  9762 | D:9      | Reached skill level 11 in Axes
 10410 | D:9      | Reached XP level 11. HP: 67/75 MP: 15/18
 10539 | D:9      | Noticed an eight-headed hydra
 10558 | D:9      | Banished an eight-headed hydra
 10941 | D:10     | Entered Level 10 of the Dungeon
 11010 | D:10     | Noticed Psyche
 11018 | D:10     | Killed Psyche
 11059 | D:10     | Noticed M4edhros's ghost (novice OpNe)
 11059 | D:10     | Banished M4edhros's ghost
 11059 | D:10     | Reached skill level 12 in Axes
 11468 | D:10     | You fall through a shaft for 3 floors!
 12141 | D:13     | Noticed a cyclops
 12143 | D:13     | Banished a cyclops
 12238 | D:13     | Noticed a faun
 12309 | D:13     | Found Gozag's Platinum Reserve.
 12360 | D:13     | Found an opulent altar of Gozag.
 12369 | D:13     | Reached skill level 13 in Axes
 12454 | D:12     | Found a radiant altar of Vehumet.
 12482 | D:12     | Noticed a deep elf mage
 12494 | D:12     | Killed a deep elf mage
 12528 | D:12     | Noticed a death knight
 12531 | D:12     | Banished a death knight
 12531 | D:12     | Reached skill level 10 in Armour
 12651 | D:11     | Found a staircase to the Orcish Mines.
 12658 | D:11     | Reached XP level 12. HP: 65/81 MP: 14/19
 12666 | D:11     | Noticed an unseen horror
 12749 | D:11     | Killed an unseen horror
 13301 | D:11     | Noticed an eight-headed hydra
 13301 | D:11     | Banished an eight-headed hydra
 13564 | D:11     | Reached skill level 14 in Axes
 14450 | D:12     | Got a bloodstained chain mail
 14454 | D:12     | Gained mutation: Your mind is acute. (Int +2) [mutagenic meat]
 14455 | D:12     | Gained mutation: You possess an exceptional clarity of mind. [mutagenic meat]
 14477 | D:11     | Identified the cursed +1 chain mail of Isuzeh {Regen+ Str+6 Dex-4} (You found it on level 12 of the Dungeon)
 14622 | D:12     | Noticed an unseen horror
 14660 | D:12     | Killed an unseen horror
 14660 | D:12     | Reached skill level 5 in Fighting
 14677 | D:12     | Noticed Maud
 15013 | D:12     | Killed Maud
 15013 | D:12     | Reached XP level 13. HP: 35/93 MP: 6/20
 15290 | D:13     | Noticed a centaur warrior
 15293 | D:13     | Banished a centaur warrior
 15566 | D:13     | Reached skill level 15 in Axes
 15811 | D:13     | Noticed a centaur warrior
 15821 | D:13     | Killed a centaur warrior
 16327 | Lair:1   | Entered Level 1 of the Lair of Beasts
 16614 | Lair:1   | Noticed a six-headed hydra
 16781 | Lair:1   | Banished a six-headed hydra
 17041 | Lair:1   | Found an oddly glowing altar of Pakellas.
 17149 | Lair:1   | Noticed a five-headed hydra
 17160 | Lair:1   | Banished a five-headed hydra
 17921 | Lair:2   | Noticed a seven-headed hydra
 17922 | Lair:2   | Banished a seven-headed hydra
 17996 | Lair:2   | Reached skill level 16 in Axes
 18092 | Lair:2   | Reached XP level 14. HP: 88/105 MP: 21/21
 18763 | Lair:2   | Identified a +0 rod of clouds (11/11) (You found it on level 1 of the Lair of Beasts)
 18861 | Lair:3   | Got a distressingly furry scale mail
 18898 | Lair:3   | Reached ***** piety under Lugonu
 18981 | Lair:3   | Found a staircase to the Shoals.
 19124 | Lair:3   | Identified the cursed +0 scale mail of Seaveom {rN++ Slay+2} (You found it on level 3 of the Lair of Beasts)
 19522 | Lair:4   | Found a labyrinth entrance.
 19530 | Lab      | Entered a labyrinth
 19840 | Lab      | Got a bronze plate armour
 19851 | Lab      | Identified the +1 plate armour "Etymo" {Dex+2} (You took it off a minotaur in a labyrinth)
 20160 | Lair:4   | Noticed Nergalle
 20175 | Lair:4   | Killed Nergalle
 20348 | Lair:4   | Reached skill level 17 in Axes
 20425 | Lair:4   | Noticed Josephine
 20438 | Lair:4   | Killed Josephine
 20731 | Lair:5   | Found a dark tunnel.
 20762 | Volcano  | Entered a volcano
 22029 | Lair:5   | Found a hole to the Spider Nest.
 22545 | Lair:6   | Reached XP level 15. HP: 115/115 MP: 22/22
 22569 | Lair:6   | Reached skill level 10 in Fighting
 22592 | Lair:6   | Reached ****** piety under Lugonu
 23499 | Lair:6   | Found a staircase to the Slime Pits.
 24288 | Lair:7   | Reached skill level 18 in Axes
 24292 | Lair:7   | Noticed puimuR's ghost (journeyman TrWr)
 24974 | Lair:7   | Killed puimuR's ghost
 25313 | Lair:7   | Found a snail-covered altar of Cheibriados.
 26186 | Lair:8   | Entered Level 8 of the Lair of Beasts
 26197 | Lair:8   | Noticed Nessos
 26204 | Lair:8   | Banished Nessos
 27123 | Lair:8   | Reached XP level 16. HP: 105/125 MP: 23/23
 27894 | Lair:8   | Gained mutation: You are agile. (Dex +2) [potion of beneficial mutation]
 27900 | Lair:8   | Learned a level 2 spell: Repel Missiles
 28845 | Lair:8   | Reached skill level 19 in Axes
 29020 | Lair:1   | Identified the Catalogue of Evil and Poison
 29217 | Orc:1    | Entered Level 1 of the Orcish Mines
 29646 | Orc:2    | Entered Level 2 of the Orcish Mines
 29646 | Orc:2    | Found a staircase to the Elven Halls.
 29836 | Orc:2    | Found a roughly hewn altar of Beogh.
 29852 | Orc:2    | Found Oxeen's Distillery.
 29873 | Orc:2    | Bought a potion of might for 68 gold pieces
 29873 | Orc:2    | Bought a potion of heal wounds for 85 gold pieces
 29873 | Orc:2    | Bought a potion of might for 68 gold pieces
 31095 | Orc:2    | Found Fuprur's Food Boutique.
 31096 | Orc:2    | Found Iseisuge's Distillery.
 31097 | Orc:2    | Found Suasant's Distillery.
 31118 | Orc:2    | Found Nybos's Food Shop.
 31168 | Orc:2    | Reached skill level 15 in Armour
 31390 | Orc:2    | Bought a potion of heal wounds for 60 gold pieces
 31390 | Orc:2    | Bought a potion of magic for 96 gold pieces
 31724 | Orc:2    | Bought 2 potions of beneficial mutation for 840 gold pieces
 31724 | Orc:2    | Bought a potion of beneficial mutation for 420 gold pieces
 31724 | Orc:2    | Gained mutation: You evolve. [potion of beneficial mutation]
 31725 | Orc:2    | Gained mutation: You have sharp toenails. [potion of beneficial mutation]
 31726 | Orc:2    | Gained mutation: Your mind is very acute. (Int +4) [potion of beneficial mutation]
 32427 | D:14     | Found a gate to the Vaults.
 32646 | D:14     | Reached skill level 1 in Shields
 32677 | D:14     | Noticed Roxanne
 33008 | D:14     | Gained mutation: You are robust (+10% HP). [evolution]
 33106 | D:14     | Reached skill level 5 in Shields
 33106 | D:14     | Reached XP level 17. HP: 115/147 MP: 24/24
 33359 | D:14     | Slain by an enormous slime creature

Skill      XL: |  1  2  3  4  5  6  7  8  9 10 11 12 13 14 15 16 |
---------------+-------------------------------------------------+-----
Axes           | 3 4 5 6 9 11 13 14 16 17 18 19 | 19.6
Invocations    | 4 6 8 10 | 10.0
Armour         | 3 5 8 10 11 12 13 14 15 | 15.2
Fighting       | 5 8 9 11 12 | 12.3
Shields        | 5 |  5.2
Dodging        | |  0.8

Action                   |  1- 3 |  4- 6 |  7- 9 | 10-12 | 13-15 | 16-18 || total
-------------------------+-------+-------+-------+-------+-------+-------++-------
Melee: Hand axe          |    62 |   128 |       |       |       |       ||   190
       Quarterstaff      |       |    34 |       |       |       |       ||    34
       War axe           |       |    53 |   284 |   545 |       |       ||   882
       Whip              |       |       |       |     5 |       |       ||     5
       Broad axe         |       |       |       |       |  1157 |   586 ||  1743
       Dire flail        |       |       |       |       |     9 |       ||     9
       Battleaxe         |       |       |       |       |   151 |    25 ||   176
Throw: Tomahawk          |       |       |       |       |     1 |     5 ||     6
Invok: Depart the Abyss  |     1 |       |       |       |       |       ||     1
       Banish            |       |       |     2 |    25 |    18 |     1 ||    46
 Abil: Dig               |       |       |       |     1 |    18 |    14 ||    33
Evoke: Wand              |       |       |       |     2 |    13 |       ||    15
       Phial of floods   |       |       |       |       |     3 |       ||     3
  Use: Scroll            |       |       |    22 |     7 |    14 |     5 ||    48
       Potion            |       |       |     2 |     7 |     2 |     4 ||    15
 Stab: Distracted        |       |       |       |     1 |       |     1 ||     2
  Eat: Chunk             |    11 |     8 |     7 |    22 |    38 |    11 ||    97
       Beef jerky        |       |       |     1 |     2 |     1 |       ||     4
       Pizza             |       |       |       |     3 |     1 |     2 ||     6
       Fruit             |       |       |       |     2 |    10 |     2 ||    14
       Royal jelly       |       |       |       |     1 |     1 |       ||     2
       Bread ration      |       |       |       |       |     1 |     2 ||     3
Armor: Leather armour    |    10 |    39 |       |       |       |       ||    49
       Ring mail         |       |    42 |    15 |       |       |       ||    57
       Chain mail        |       |       |    81 |   242 |   251 |       ||   574
       Plate armour      |       |       |   115 |    48 |   359 |   259 ||   781
Dodge: Dodged            |    34 |   120 |   165 |   164 |   320 |   108 ||   911
Block: Other             |       |       |     7 |       |   118 |    34 ||   159
       Buckler           |       |       |       |       |       |    19 ||    19
       Shield            |       |       |       |       |       |     1 ||     1
